 Dungeon Crawl Stone Soup version 0.23-a0-261-g133332c (webtiles) character file.

721 mandick the Ruffian (level 7, 0/72 HPs)
             Began as a Troll Monk on Sept 30, 2018.
             Slain by an orc warrior
             ... wielding a +0 trident
              (16 damage)
             ... on level 6 of the Dungeon.
             The game lasted 00:07:38 (3631 turns).

mandick the Ruffian (Troll Monk)                    Turns: 3631, Time: 00:07:39

Health: 0/72       AC:  5    Str: 22    XL:     7   Next: 43%
Magic:  6/6        EV: 10    Int:  6    God:
Gold:   363        SH:  0    Dex: 12    Spells: 6/6 levels left

rFire    + . .     SeeInvis .     - Unarmed
rCold    . . .     Gourm    +   (no shield)
rNeg     . . .     Faith    .   a - +0 robe
rPois    .         Spirit   .   (helmet restricted)
rElec    .         Reflect  .   (no cloak)
rCorr    .         Harm     .   (gloves unavailable)
MR       .....                  (boots unavailable)
Stlth    ++........             (no amulet)
HPRegen  0.62/turn              u - ring of protection from fire
MPRegen  0.10/turn              (no ring)

@: no status effects
A: large, unfitting armour, claws 3, fast metabolism 3, gourmand, regeneration
1, shaggy fur 1, tough skin 2
a: no special abilities


You were on level 6 of the Dungeon.
You were very full.

You visited 1 branch of the dungeon, and saw 6 of its levels.

You collected 363 gold pieces.

Inventory:

Armour
 a - a +0 robe (worn)
Jewellery
 u - a ring of protection from fire (left claw)
 x - an uncursed ring of protection from magic {unknown}
Scrolls
 f - a scroll of enchant weapon {unknown}
 i - 2 scrolls of amnesia {unknown}
 j - a scroll of enchant armour {unknown}
 l - a scroll of blinking {unknown}
 n - 2 scrolls of fear {unknown}
 p - 2 scrolls of identify {unknown}
 r - a scroll of holy word {unknown}
 s - 2 scrolls of magic mapping {unknown}
 t - a scroll of fog {unknown}
 v - a scroll of torment {unknown}
Potions
 c - 4 potions of invisibility {unknown}
 d - 2 potions of mutation {unknown}
 e - 2 potions of flight {unknown}
 g - 7 potions of curing {unknown}
 h - a potion of haste {unknown}
 k - 2 potions of might {unknown}
 m - a potion of agility {unknown}
 o - a potion of magic {unknown}
 q - a potion of cancellation {unknown}
 w - a potion of berserk rage {unknown}
Comestibles
 b - 15 rations


   Skills:
 + Level 5.4 Fighting
 - Level 2.4 Dodging
 - Level 1.0 Stealth
 + Level 6.5 Unarmed Combat


You had 6 spell levels left.
You didn't know any spells.
Your spell library was empty.

Dungeon Overview and Level Annotations

Branches:
Dungeon (6/15)
 Temple: D:4-7

Altars:
Elyvilon
Fedhas
Nemelex Xobeh


Innate Abilities, Weirdness & Mutations

You are too large for most types of armour.
You have claws for hands.
Your metabolism is lightning-fast.
You like to eat raw meat.
Your natural rate of healing is unusually fast.
You are covered in fur. (AC +1)
You have very tough skin. (AC +2)


Message History

The orc priest hits you with a mace! The orc hits you.
The orc warrior hits you from afar with a trident!
The orc priest hits you but does no damage.
Found a stone staircase leading down.
You scratch the orc priest.
The orc priest is almost dead.
The orc warrior closely misses you.
The orc priest hits you but does no damage.
You scratch the orc priest.
You kill the orc priest!
The orc hits you but does no damage.
The orc warrior hits you with a trident!!
* * * LOW HITPOINT WARNING * * *
You closely miss the orc warrior. The orc hits you.
* * * LOW HITPOINT WARNING * * *
The orc warrior hits you with a trident.
* * * LOW HITPOINT WARNING * * *
You barely miss the orc warrior. The orc hits you but does no damage.
The orc warrior hits you with a trident!
You die...

###.##...##.....##
#....'...##.....##
#....#............
#....#............
#....#............
#....#............
#..###...######...
####o###...#
#...##.
#..@).######
####### #...o.# #
#.....# # #......#
# ..#..#.#> #
##########.. #
##8. ## ##


You could see an orc warrior and an orc.

Vanquished Creatures
  An ogre (D:4)
  2 howler monkeys
  A hound (D:4)
  A centaur skeleton (D:5)
  2 orc priests
  2 orc wizards (D:5)
  Jessica (D:2)
  An iguana (D:5)
  Terence (D:2)
  4 worker ants (D:5)
  A hound zombie (D:5)
  4 gnolls (D:4)
  4 adders
  4 shadow imps
  An adder skeleton (D:5)
  An adder zombie (D:5)
  5 dart slugs
  A leopard gecko (D:3)
  9 orcs
  3 ball pythons
  7 bats
  4 giant cockroaches
  5 goblins
  3 hobgoblins
  6 jackals
  9 frilled lizards
  5 kobolds
  A quokka skeleton (D:4)
  11 rats
100 creatures vanquished.

Notes
Turn   | Place    | Note
-------+----------+-------------------------------------------
     0 | D:1      | mandick the Troll Monk began the quest for the Orb.
     0 | D:1      | Reached XP level 1. HP: 22/22 MP: 0/0
   121 | D:1      | Reached XP level 2. HP: 29/29 MP: 1/1
   507 | D:1      | You fall through a shaft!
   511 | D:2      | Noticed Terence
   521 | D:2      | Killed Terence
   521 | D:2      | Reached XP level 3. HP: 37/37 MP: 2/2
   623 | D:2      | Reached skill level 4 in Unarmed Combat
   986 | D:1      | Reached XP level 4. HP: 45/45 MP: 3/3
  1158 | D:2      | Noticed Jessica
  1167 | D:2      | Killed Jessica
  1376 | D:3      | Reached XP level 5. HP: 45/54 MP: 4/4
  1988 | D:4      | Reached skill level 5 in Unarmed Combat
  2124 | D:4      | Reached XP level 6. HP: 59/62 MP: 5/5
  2757 | D:5      | Entered Level 5 of the Dungeon
  2877 | D:5      | Found a sparkling altar of Nemelex Xobeh.
  2884 | D:5      | Reached skill level 5 in Fighting
  2884 | D:5      | Reached skill level 6 in Unarmed Combat
  2884 | D:5      | Reached XP level 7. HP: 66/72 MP: 6/6
  3257 | D:5      | Found a white marble altar of Elyvilon.
  3596 | D:6      | Found a blossoming altar of Fedhas.
  3631 | D:6      | Slain by an orc warrior

Vault maps used:
D:1:      eino_arrival_cavern_e
D:2:      uniq_jessica, uniq_terence
D:4:      first_ration, minmay_misc_feat_iff
D:5:      elyvilon_altar_3, lemuel_crystal_altar, serial_bayou_pond_e
D:6:      kennysheep_mini, lemuel_round_altar, nicolae_overflow_hidden_temple,
          gammafunk_ghost_necromancy

Skill      XL: |  1  2  3  4  5  6 |
---------------+-------------------+-----
Fighting       | 3 4 5 |  5.4
Unarmed Combat | 4 5 6 |  6.5
Dodging        | |  2.4
Stealth        | |  1.0

Action                   |  1- 3 |  4- 6 |  7- 9 || total
-------------------------+-------+-------+-------++-------
Melee: Unarmed           |    89 |   160 |    47 ||   296
       Punch             |     2 |     4 |     1 ||     7
 Stab: Sleeping          |     2 |     1 |     1 ||     4
       Distracted        |     2 |       |       ||     2
  Eat: Chunk             |    14 |    18 |     5 ||    37
Armor: Robe              |    35 |    68 |    17 ||   120
Dodge: Dodged            |    49 |   107 |    21 ||   177

Table legend:
 A = Non-vault XP
 B = Vault XP
 C = Vault XP percentage of total XP
 D = Non-vault monster count
 E = Vault monster count
 F = Vault count percentage of total count
                 A         B        C        D         E       F
            +---------+---------+-------+---------+---------+-------
      Total |     958 |      73 |   7.1 |      98 |       2 |   2.0
            +---------+---------+-------+---------+---------+-------
        D:1 |      41 |       0 |   0.0 |      24 |       0 |   0.0
        D:2 |      24 |      73 |  75.3 |      13 |       2 |  13.3
        D:3 |     127 |       0 |   0.0 |      27 |       0 |   0.0
        D:4 |     299 |       0 |   0.0 |      13 |       0 |   0.0
        D:5 |     414 |       0 |   0.0 |      19 |       0 |   0.0
        D:6 |      53 |       0 |   0.0 |       2 |       0 |   0.0
            +---------+---------+-------+---------+---------+-------
